 Dungeon Crawl Stone Soup version 0.24.0-125-gc4c63601f3 (webtiles) character file.

Game seed: 2741598345643994278, levelgen mode: deterministic

1129 Curus the Basher (level 8, -1/62 HPs)
             Began as a Minotaur Gladiator on Mar 4, 2020.
             Slain by Prince Ribbit (2 damage)
             ... on level 4 of the Dungeon.
             The game lasted 00:14:40 (3639 turns).

Curus the Basher (Minotaur Gladiator)               Turns: 3639, Time: 00:14:41

Health: -1/62      AC:  5    Str: 24    XL:     8   Next: 13%
Magic:  7/7        EV: 12    Int:  7    God:
Gold:   268        SH:  3    Dex: 14    Spells: 7/7 levels left

rFire    . . .     SeeInvis +   a - +2 flail
rCold    . . .     Gourm    .   r - +0 buckler
rNeg     . . .     Faith    .   b - +0 leather armour
rPois    .         Spirit   .   c - +1 hat
rElec    .         Reflect  .   (no cloak)
rCorr    .         Harm     .   j - +0 pair of gloves
MR       .....                  (no boots)
Stlth    +.........             (no amulet)
HPRegen  0.20/turn              e - ring of see invisible
MPRegen  0.10/turn              l - +2 ring of dexterity

@: mighty
A: retaliatory headbutt, horns 2
a: no special abilities


You were on level 4 of the Dungeon.
You were not hungry.

You visited 1 branch of the dungeon, and saw 5 of its levels.

You collected 268 gold pieces.

Inventory:

Hand Weapons
 a - a +2 flail (weapon)
Missiles
 d - 3 throwing nets (quivered)
Armour
 b - a +0 leather armour (worn)
 c - a +1 hat (worn)
 j - a +0 pair of gloves (worn)
 r - a +0 buckler (worn)
Jewellery
 e - a ring of see invisible (left hand)
 l - a +2 ring of dexterity (right hand)
Wands
 i - a wand of polymorph (6)
 k - a wand of random effects (11)
Scrolls
 g - 3 scrolls of identify
 m - a scroll of remove curse
 n - a scroll of magic mapping
 o - a scroll of teleportation
Potions
 p - a potion of curing
 q - a potion of invisibility
Comestibles
 f - 6 rations


   Skills:
 - Level 2.4 Fighting
 + Level 11.8 Maces & Flails
 - Level 2.0 Throwing
 - Level 3.2 Dodging


You had 7 spell levels left.
You didn't know any spells.
Your spell library was empty.

Dungeon Overview and Level Annotations

Branches:
Dungeon (5/15)
 Temple: D:4-7

Altars:

Annotations:
D:4 Prince Ribbit


Innate Abilities, Weirdness & Mutations

You reflexively headbutt those who attack you in melee.
You have a pair of horns on your head.


Message History

Prince Ribbit hits you.
* * * LOW HITPOINT WARNING * * *
The giant cockroach waves its antennae.
The giant cockroach barely misses you. You furiously retaliate!
You headbutt the giant cockroach.
You kill the giant cockroach!
Prince Ribbit blinks!
There is a stone staircase leading up here.
You block Prince Ribbit's attack.
You climb upwards.
There is a stone staircase leading down here.
You feel very mighty all of a sudden. Prince Ribbit barely misses you.
You furiously retaliate!
You headbutt Prince Ribbit! You closely miss Prince Ribbit.
Prince Ribbit is moderately wounded.
Prince Ribbit hits you!
* * * LOW HITPOINT WARNING * * *
Prince Ribbit hits you.
You die...

#.#
#.####.######..#.##.####
#.#
#......<.........##.###.
#.#
######.######...........
###.## #.# #.#####.###.
##...####### #.#
#.......# ##
...#.......####.###
######### #
##...#####.##.....# #
....## #.##....F########
# .####
#.#....@........# # .#
#.#......######.# # .#
#.#....<.# ##.########
.# #......###
##.#.>....## .# ###.####
#...####.... .# #.#
#.### #.##. .# #.# #.#
#.##. .# #.# #.# #.###
.# #.##### #)# #.#


You could see Prince Ribbit.

Vanquished Creatures
  Eustachio (D:4)
  Menkaure (D:4)
  A sky beast (D:5)
  An ogre (D:5)
  A phantom (D:4)
  Blork the orc (D:5)
  2 scorpions
  A hound (D:4)
  2 centaur skeletons
  Terence (D:3)
  Natasha (thrice) (D:3)
  3 worker ants (D:4)
  Ijyb (D:3)
  A worker ant zombie (D:5)
  3 gnolls (D:3)
  4 adders
  2 dart slugs
  7 leopard geckos
  5 orcs (D:4)
  2 giant cockroaches
  10 goblins
  7 hobgoblins
  6 jackals
  2 quokkas
  2 bats
  5 frilled lizards
  6 kobolds
  6 rats
87 creatures vanquished.

Notes
Turn   | Place    | Note
-------+----------+-------------------------------------------
     0 | D:1      | Curus the Minotaur Gladiator began the quest for the Orb.
     0 | D:1      | Reached XP level 1. HP: 18/18 MP: 0/0
    96 | D:1      | Reached skill level 4 in Maces & Flails
   153 | D:1      | Reached XP level 2. HP: 18/25 MP: 1/1
   735 | D:2      | Reached skill level 5 in Maces & Flails
   778 | D:2      | Reached XP level 3. HP: 30/30 MP: 2/2
   861 | D:2      | You fall into a shaft and drop 2 floors!
   869 | D:4      | Reached skill level 6 in Maces & Flails
   869 | D:4      | Reached XP level 4. HP: 12/37 MP: 3/3
  1102 | D:4      | Noticed Eustachio
  1123 | D:4      | Killed Eustachio
  1123 | D:4      | Reached skill level 8 in Maces & Flails
  1123 | D:4      | Reached XP level 5. HP: 19/42 MP: 4/4
  1291 | D:4      | Noticed Menkaure
  1297 | D:4      | Killed Menkaure
  1297 | D:4      | Reached XP level 6. HP: 29/50 MP: 5/5
  1473 | D:2      | You fall into a shaft and drop 1 floor!
  1474 | D:3      | Noticed Natasha
  1487 | D:3      | Reached skill level 9 in Maces & Flails
  1499 | D:3      | Killed Natasha
  1662 | D:3      | Noticed Ijyb
  1669 | D:3      | Killed Ijyb
  1863 | D:3      | Noticed Natasha
  1870 | D:3      | Killed Natasha
  1870 | D:3      | Reached XP level 7. HP: 56/56 MP: 6/6
  1883 | D:3      | Noticed Natasha
  1890 | D:3      | Killed Natasha
  2378 | D:3      | Noticed Terence
  2392 | D:3      | Killed Terence
  2392 | D:3      | Reached skill level 10 in Maces & Flails
  3195 | D:4      | Reached skill level 11 in Maces & Flails
  3553 | D:5      | Entered Level 5 of the Dungeon
  3613 | D:5      | Noticed Blork the orc
  3618 | D:5      | Noticed Prince Ribbit
  3619 | D:5      | Reached XP level 8. HP: 40/62 MP: 7/7
  3623 | D:5      | Killed Blork the orc
  3639 | D:4      | HP: 1/62 [Prince Ribbit (14)]
  3639 | D:4      | Slain by Prince Ribbit

Levels and vault maps discovered:
D:1:      dpeg_arrival_simpleton_b, layout_loops_ring
D:2:      layout_loops_ring
D:3:      layout_basic, first_ration, minmay_close_crescents, uniq_natasha,
          uniq_ijyb, uniq_terence
D:4:      cheibrodos_barr_body, layout_loops_ring, uniq_eustachio, uniq_menkaure
D:5:      layout_cave_pools, fountainhead, uniq_prince_ribbit1,
          uniq_blork_the_orc, uniq_pikel, uniq_crazy_yiuf_cottage, uniq_duvessa

Skill      XL: |  1  2  3  4  5  6  7 |
---------------+----------------------+-----
Maces & Flails | 4 5 6 8 9 11 | 11.8
Fighting       | |  2.4
Throwing       | |  2.0
Dodging        | |  3.2

Action                   |  1- 3 |  4- 6 |  7- 9 || total
-------------------------+-------+-------+-------++-------
Melee: Flail             |    46 |    79 |   123 ||   248
       Headbutt          |     9 |    12 |    14 ||    35
       Unarmed           |       |     1 |       ||     1
Throw: Throwing net      |       |       |     1 ||     1
Evoke: Wand              |       |       |     1 ||     1
  Use: Scroll            |     8 |     1 |     1 ||    10
       Potion            |     1 |     3 |     2 ||     6
 Stab: Sleeping          |       |     2 |     1 ||     3
  Eat: Chunk             |       |     3 |     2 ||     5
       Ration            |       |       |     1 ||     1
Armor: Leather armour    |     9 |    15 |    17 ||    41
Dodge: Dodged            |    31 |    50 |    59 ||   140
Block: Buckler           |       |       |     9 ||     9
